 Dungeon Crawl Stone Soup version 0.30-a0-715-gdb4ae3ece1 (webtiles) character file.

Game seed: 7490202932626711070

344 Ijustatesigmund the Chiller (level 6, -1/32 HPs)
             Began as a Deep Elf Ice Elementalist on Jan 23, 2023.
             Slain by an iguana (5 damage)
             ... on level 6 of the Dungeon.
             The game lasted 00:05:44 (2215 turns).

Ijustatesigmund the Chiller (DEIE)                  Turns: 2215, Time: 00:05:45

Health: -1/32      AC:  9    Str:  5    XL:     6   Next: 31%
Magic:  8/17       EV: 12    Int: 22    God:
Gold:   73         SH:  0    Dex: 15    Spells: 10/17 levels left

rFire   . . .      SeeInvis .    h - +1 sling
rCold   . . .      Faith    .    (no shield)
rNeg    . . .      Spirit   .    a - +0 robe
rPois   .          Reflect  .    (no helmet)
rElec   .          Harm     .    (no cloak)
rCorr   .          Rampage  .    (no gloves)
Will    .....                    (no boots)
Stlth   ++                       (no amulet)
HPRegen 0.25/turn                e - +4 ring of protection
MPRegen 0.15/turn                (no ring)

@: mighty, ice-armoured, corroded, on berserk cooldown, freezing walls, slowed,
very slow
A: no striking features
a: no special abilities


You were on level 6 of the Dungeon.
You visited 1 branch of the dungeon, and saw 4 of its levels.

You collected 73 gold pieces.

Inventory:

Hand Weapons
 c - a +0 mace
 h - a +1 sling (weapon)
Armour
 a - a +0 robe (worn)
Jewellery
 e - a +4 ring of protection (left hand)
 k - a ring of wizardry
Potions
 b - a potion of magic
 d - a potion of resistance {unknown}
 f - a potion of haste {unknown}
 i - a potion of might
 l - a potion of curing {unknown}


   Skills:
 + Level 3.9 Ranged Weapons
 - Level 2.4 Dodging
 - Level 2.4 Stealth
 + Level 6.0 Spellcasting
 + Level 6.2 Ice Magic


You had 10 spell levels left.
You knew the following spells:

 Your Spells              Type           Power      Damage    Failure   Level
a - Freeze                Ice            100%       1d10      1%          1
b - Frozen Ramparts       Ice            66%        1d10      2%          3
c - Ozocubu's Armour      Ice            33%        N/A       2%          3

Your spell library contained the following spells:

 Spells                   Type           Power      Damage    Failure   Level
 Summon Ice Beast         Ice/Summ       20%        N/A       26%         4


Dungeon Overview and Level Annotations

Branches:
Dungeon (3/15)

Altars:


Message History

The iguana barely misses you. The jelly attacks as you move away!
The jelly hits you but does no damage. The ice beast attacks as you move away!
The ice beast hits you but does no damage.
The jelly barely misses you. The ice beast hits you. The ice beast freezes you!
The iguana closely misses you.
Casting: Frozen Ramparts (dangerous; 2% risk of failure)
Confirm with . or Enter, or press ? or * to list all spells.
A film of ice covers your body! The iguana bites you.
The ice beast hits you but does no damage.
The jelly hits you but does no damage. The iguana bites you.
The ice beast hits you but does no damage.
The jelly hits you. The acid corrodes you!
You are splashed with acid.
* * * LOW HITPOINT WARNING * * *
The jelly closely misses you. The ice beast barely misses you.
The iguana bites you.
* * * LOW HITPOINT WARNING * * *
Casting: Ozocubu's Armour (dangerous; 2% risk of failure)
Confirm with . or Enter, or press ? or * to list all spells.
Casting: Frozen Ramparts (dangerous; 2% risk of failure)
Press: ? - help, Dir - look around, f - activate The walls around you are covered in ice.
The wall freezes the iguana.
The iguana seems to slow down.
The iguana misses you.
The ice beast completely resists.
The wall freezes the ice beast but does no damage.
The ice beast barely misses you.
The wall freezes the jelly!
The jelly barely misses you.
You are too injured to fight recklessly!
Fire: h) +1 sling
Press: ? - help, Q - select action, (/) - cycle Shift-Dir - straight line, f - iguana
Aim: an iguana (lightly wounded, slow, 61% to hit)
You shoot a sling bullet. The sling bullet hits the iguana.
The iguana is lightly wounded.
The ice beast completely resists.
The wall freezes the ice beast but does no damage.
The ice beast closely misses you.
The wall freezes the jelly.
The jelly closely misses you.
The wall freezes the iguana.
The iguana bites you.
You die...

. ##....# #...
..###..#.)# ...#..
..........##......
?...)........#
..#..#..##.###
#..#......#
..#......####
.......lYJ#
.$.##.#.@## .#
#...## ##.## #. ##


You could see an ice beast, an iguana (slow) and a jelly.

Vanquished Creatures
  A howler monkey (D:6)
  A hound (D:6)
  An iguana (D:6)
  Terence (D:2)
  Natasha (twice) (D:2)
  2 orc wizards (D:3)
  6 adders
  An ufetubus (D:3)
  2 dart slugs
  8 orcs
  A bat (D:1)
  4 endoplasms
  8 goblins
  5 hobgoblins
  6 jackals
  5 kobolds
  A quokka (D:2)
  4 ball pythons
  A frilled lizard (D:1)
  2 rats
62 creatures vanquished.

Vanquished Creatures (others)
  A plant (D:1)
1 creature vanquished.

Grand Total: 63 creatures vanquished

Notes
Turn   | Place    | Note
-------+----------+-------------------------------------------
     0 | D:1      | Ijustatesigmund the Deep Elf Ice Elementalist began the
                  | quest for the Orb.
     0 | D:1      | Reached XP level 1. HP: 10/10 MP: 6/6
   146 | D:1      | Reached XP level 2. HP: 15/15 MP: 5/8
   893 | D:2      | Noticed Terence
   903 | D:2      | Killed Terence
   904 | D:2      | Reached skill level 5 in Ice Magic
   904 | D:2      | Reached XP level 3. HP: 17/19 MP: 2/10
  1324 | D:2      | Learned a level 3 spell: Frozen Ramparts
  1402 | D:2      | Reached skill level 1 in Ranged Weapons
  1464 | D:2      | Reached XP level 4. HP: 24/24 MP: 10/12
  1617 | D:2      | Noticed Natasha
  1624 | D:2      | Killed Natasha
  1649 | D:2      | Learned a level 3 spell: Ozocubu's Armour
  1652 | D:2      | Noticed Natasha
  1658 | D:2      | Killed Natasha
  1659 | D:2      | Reached skill level 5 in Spellcasting
  1677 | D:2      | Reached XP level 5. HP: 28/28 MP: 9/14
  2178 | D:3      | You fall into a shaft and drop 3 floors!
  2190 | D:6      | Reached XP level 6. HP: 31/32 MP: 9/16
  2193 | D:6      | Noticed an ice beast
  2215 | D:6      | Slain by an iguana

Illustrated notes

Levels and vault maps discovered:
D:1:      amcnicky_arrival_feature_with_door, layout_rooms, serial_bayou,
          serial_bayou_shore_a, serial_bayou_lagoon_a, serial_bayou_crossing,
          serial_bayou_pond_a, serial_bayou_lagoon_b, serial_bayou_pond_a
D:2:      layout_basic, uniq_terence, uniq_natasha
D:3:      layout_rooms
D:6:      hellmonk_destroyed_diamonds, layout_cave_pools,
          nicolae_gozag_seed_capital

Skill      XL: |  1  2  3  4  5  6 |
---------------+-------------------+-----
Spellcasting   | 4 5 6 |  6.0
Ice Magic      | 5 6 |  6.2
Ranged Weapons | 1 2 3 |  3.9
Dodging        | |  2.4
Stealth        | |  2.4

Action                     |  1- 3 |  4- 6 || total
---------------------------+-------+-------++-------
  Melee: Mace              |     1 |     3 ||     4
   Fire: Sling             |    19 |   119 ||   138
   Cast: Freeze            |    32 |     1 ||    33
         Frozen Ramparts   |       |    12 ||    12
         Ozocubu's Armour  |       |     5 ||     5
    Use: Scroll            |     4 |     5 ||     9
         Potion            |       |     3 ||     3
 Armour: Robe              |     6 |    37 ||    43
  Dodge: Dodged            |    15 |    55 ||    70

Table legend: (Time is in decaauts)
 A = Elapsed time spent in this place.
 B = Non-inter-level travel time spent in this place.
 C = Inter-level travel time spent in this place.
 D = Time resting spent in this place.
 E = Time spent auto-exploring this place.
 F = Levels seen in this place.
 G = Mean time per level.
                   A        B        C        D        E       F      G
               +--------+--------+--------+--------+--------+-----+--------+
         Total |   2306 |   2270 |     36 |    348 |   1497 |   4 |  576.5 |
       Dungeon |   2306 |   2270 |     36 |    348 |   1497 |   4 |  576.5 |
               +--------+--------+--------+--------+--------+-----+--------+

Top non-repeatable levels by time:
     D:1: 931 daAuts
     D:2: 921 daAuts
     D:3: 411 daAuts
     D:6: 42 daAuts
